AoeStats
← lukas.hajek105

Four Lakes

509982407Analyzed
1v1 RM · 3d ago on Sep 28, 2026· 43m 15s· 2 players
Game mode
Random Map
Map size
Tiny (2 player)
Population
200
Speed
Normal
Resources
Standard
Victory
Conquest
Starting age
Dark Age
Ending age
Imperial Age
RankedLock teamsTeams togetherTeam positionsShared explorationLock speedFull tech treeHidden civsTurbo modeCheats
Victory
Defeat
🇨🇿 Vikings · Czechia
648
+17
🇪🇸 Franks · Spain
669
-17
lukas.hajek105
8:33 Loom
10:57 Feudal Age
15:11 Double-Bit Axe
15:34 Arson
15:33 Man-at-Arms
16:30 Horse Collar
18:02 Scale Mail Armor
19:54 Forging
19:44 Gold Mining
23:53 Castle Age
26:24 Bow Saw
25:55 Long Swordsman
27:07 Chain Mail Armor
27:28 Iron Casting
26:56 Heavy Plow
27:19 Pikeman
28:59 Gold Shaft Mining
29:53 Fletching
31:32 Squires
36:08 Imperial Age
34:19 Bodkin Arrow
35:13 Chieftains
36:15 Elite Varangian Guard
36:59 Capped Ram
38:33 Arrowslits
39:10 Ballistics
40:20 Plate Mail Armor
40:51 Blast Furnace
41:32 Two-Man Saw
41:16 Crop Rotation
Blackcrow
12:16 Feudal Age
15:12 Loom
19:53 Castle Age
18:19 Double-Bit Axe
19:50 Fletching
22:52 Wheelbarrow
23:50 Hand Cart
26:09 Forging
26:05 Scale Barding Armor
26:22 Gold Mining
28:17 Iron Casting
30:49 Stone Mining
31:58 Bow Saw
32:41 Gold Shaft Mining
32:29 Husbandry
40:11 Imperial Age
37:36 Fishing Lines
39:17 Chain Barding Armor
40:01 Gillnets
40:44 Elite Throwing Axeman
41:45 Conscription
43:27 Ballistics
43:06 Murder Holes
Connection lost

Rejoining the realm…

Still unreachable

The connection could not be restored.

Session expired

The server has moved on; the page needs a fresh start.